 Dungeon Crawl Stone Soup version 0.30-b1-2-g02819fbbbe (webtiles) character file.

Game seed: 10500719016868424463

211 LLlMATKO the Trooper (level 5, 0/48 HPs)
             Began as a Minotaur Berserker on July 2, 2023.
             Was a Believer of Trog.
             Succumbed to a scorpion's poison
             ... on level 4 of the Dungeon.
             The game lasted 00:01:49 (2592 turns).

LLlMATKO the Trooper (Minotaur Berserker)           Turns: 2592, Time: 00:01:50

Health: 0/48       AC:  4    Str: 24    XL:     5   Next: 57%
Magic:  4/4        EV: 12    Int:  4    God:    Trog [**....]
Gold:   170        SH:  0    Dex:  9    Spells: 4/4 levels left

rFire   . . .        a - +0 hand axe
rCold   . . .        (no shield)
rNeg    . . .        b - +0 animal skin
rPois   .            (helmet restricted)
rElec   .            f - +0 cloak
rCorr   .            j - +0 pair of gloves
SInv    .            (no boots)
Will    .....        (no amulet)
Stlth   +            (no ring)
HPRegen 0.28/turn    (no ring)
MPRegen 0.09/turn

%: no passive effects
@: lethally poisoned (0 -> -9), on berserk cooldown, slowed, very slow
A: horns 2, retaliatory headbutt
a: Renounce Religion, Berserk, Trog's Hand


You were on level 4 of the Dungeon.
You worshipped Trog.
Trog was pleased with you.
You visited 1 branch of the dungeon, and saw 4 of its levels.

You collected 170 gold pieces.

Inventory:

Hand Weapons
 a - a +0 hand axe (weapon)
Missiles
 i - 2 boomerangs (quivered)
Armour
 b - a +0 animal skin (worn)
 f - a +0 cloak (worn)
 j - a +0 pair of gloves (worn)
Jewellery
 n - a ring of protection from cold
Scrolls
 c - a scroll of amnesia {unknown}
 d - a scroll of magic mapping {unknown}
 e - 2 scrolls of teleportation {unknown}
 k - a scroll of immolation {unknown}
 m - a scroll of enchant weapon {unknown}
 p - a scroll of noise {unknown}
Potions
 g - a potion of lignification {unknown}
 h - a potion of flight {unknown}
 l - a potion of degeneration {unknown}
 o - a potion of ambrosia {unknown}


   Skills:
 + Level 5.0 Fighting
 + Level 4.9 Axes
 + Level 4.0 Armour
 + Level 3.7 Dodging


You had 4 spell levels left.
You didn't know any spells.
Your spell library was empty.

Dungeon Overview and Level Annotations

Branches:
Dungeon (4/15)
 Temple: D:4-7

Altars:

Shops:
D:2 !!*(

Annotations:
D:3 2 transporters, LordXaan's ghost, weakling DECj


Innate Abilities, Weirdness & Mutations

You have a pair of horns on your head.
You reflexively headbutt those who attack you in melee.


Message History

You are too injured to fight recklessly!
You are too injured to fight recklessly!
You are too injured to fight recklessly!
You are too injured to fight recklessly!
You are too injured to fight recklessly!
You are too injured to fight recklessly!
You are too injured to fight recklessly!
You are too injured to fight recklessly!
You are too injured to fight recklessly!
Unknown command.
A red film seems to cover your vision as you go berserk!
You feel yourself moving faster!
You feel mighty!
* * * LOW HITPOINT WARNING * * *
You feel very sick. The scorpion stings you.
* * * LOW HITPOINT WARNING * * *
You slash the scorpion! You headbutt the scorpion!
You kill the scorpion!
Trog accepts your kill.
* * * LOW HITPOINT WARNING * * *
You feel very sick.
Your Fighting skill increases to level 5!
Your Armour skill increases to level 4!
* * * LOW HITPOINT WARNING * * *
You feel very sick.
You feel a strong urge to attack something.
* * * LOW HITPOINT WARNING * * *
You feel sick.
There is a stone staircase leading up here.
You are too berserk!
You are too berserk!
There is a lethal amount of poison in your body!
* * * LOW HITPOINT WARNING * * *
You feel sick.
You feel your anger nearly subside.
You are no longer berserk.
You are exhausted.
You feel yourself slow down.
* * * LOW HITPOINT WARNING * * *
You feel sick.
You die...

##.#######.....)
................
#..............
#....$.......#
#....[.......#
#....:.......#
#............#
#......@.....#
#...†........#
#...........##
#...........#
+............#
############.#
..# ..


There were no monsters in sight!

Vanquished Creatures
  A scorpion (D:4)
  A howler monkey (D:3)
  A gnoll (D:1)
  3 adders
  3 worms
  2 dart slugs (D:1)
  5 orcs (D:3)
  3 endoplasms
  2 giant cockroaches
  8 hobgoblins
  8 jackals (D:1)
  4 quokkas
  4 ball pythons
  4 bats
  3 frilled lizards
  2 goblins (D:1)
  6 kobolds
60 creatures vanquished.

Notes
Turn   | Place    | Note
-------+----------+-------------------------------------------
     0 | D:1      | LLlMATKO the Minotaur Berserker began the quest for the
                  | Orb.
     0 | D:1      | Reached XP level 1. HP: 19/19 MP: 0/0
   162 | D:1      | Reached XP level 2. HP: 27/27 MP: 1/1
   253 | D:1      | Reached skill level 4 in Fighting
   458 | D:1      | Reached XP level 3. HP: 33/33 MP: 2/2
   540 | D:1      | Reached ** piety under Trog
  1244 | D:2      | Found Xodeol's Assorted Antiques.
  1310 | D:2      | Found Inesseon's Distillery.
  1363 | D:2      | Found Pucesofi's Weapon Shoppe.
  1529 | D:2      | Found Fuimmuqo's Distillery.
  1657 | D:2      | Reached XP level 4. HP: 38/41 MP: 3/3
  1817 | D:3      | Noticed LordXaan's ghost (weakling DECj)
  1823 | D:3      | Noticed a phantom
  1946 | D:3      | Found a transporter.
  2053 | D:3      | Reached XP level 5. HP: 44/47 MP: 4/4
  2231 | D:3      | Found a transporter.
  2588 | D:4      | Reached skill level 5 in Fighting
  2592 | D:4      | Succumbed to a scorpion's poison

Illustrated notes

Levels and vault maps discovered:
D:1:      dpeg_arrival_castle, layout_loops_corners
D:2:      layout_basic, serial_shops, nicolae_shop_behind_doors, shop, shop,
          shop
D:3:      layout_basic, gammafunk_ghost_mausoleum
D:4:      layout_basic, minmay_temple_entry_stoned_glass, uniq_eustachio

Skill      XL: |  1  2  3  4  5 |
---------------+----------------+-----
Fighting       | 4 5 |  5.0
Axes           | 4 |  4.9
Armour         | 3 4 |  4.0
Dodging        | 3 |  3.7

Action                     |  1- 3 |  4- 6 || total
---------------------------+-------+-------++-------
  Melee: Hand axe          |    70 |    46 ||   116
         Headbutt          |     8 |    11 ||    19
         Punch             |     2 |     1 ||     3
  Throw: Boomerang         |     3 |       ||     3
 Invoke: Berserk           |     1 |     2 ||     3
   Stab: Sleeping          |     1 |       ||     1
 Armour: Animal skin       |     8 |     4 ||    12
  Dodge: Dodged            |    53 |    29 ||    82
